 Dungeon Crawl Stone Soup version bcrawl-1.18.1 (webtiles) character file.

Game seed: 10601772974280173223

97 Freyura the Skirmisher (level 4, -2/35 HPs)
             Began as a Demonspawn Fighter on Nov 13, 2019.
             Slain by Robin
             ... wielding a +2 short sword of flaming
              (5 damage)
             ... on level 2 of the Dungeon.
             The game lasted 00:02:55 (1287 turns).

Freyura the Skirmisher (Demonspawn Fighter)         Turns: 1287, Time: 00:02:56

Health: -2/35      AC:  7    Str: 16    XL:     4   Next: 42%
Magic:  4/4        EV:  7    Int: 10    God:
Gold:   92         SH:  9    Dex: 13    Spells: 3/3 levels left

rFire    . . .     SeeInvis .   a - +0 flail
rCold    . . .     Gourm    .   c - +0 shield
rNeg     . . .     Faith    .   b - +0 scale mail
rPois    .         Spirit   .   (helmet restricted)
rElec    .         Reflect  .   (no cloak)
rCorr    .         Harm     .   (no gloves)
MR       .....                  j - +0 pair of boots
Stlth    ..........             (no amulet)
HPRegen  0.11/turn              (no ring)
MPRegen  0.09/turn              (no ring)

@: no status effects
A: horns 1
a: no special abilities


You were on level 2 of the Dungeon.
You were hungry.

You visited 1 branch of the dungeon, and saw 2 of its levels.

You collected 92 gold pieces.

Inventory:

Hand Weapons
 a - a +0 flail (weapon)
Armour
 b - a +0 scale mail (worn)
 c - a +0 shield (worn)
 j - a +0 pair of boots (worn)
Scrolls
 e - 6 scrolls of identify {unknown}
 h - a scroll of fear {unknown}
 i - a scroll of immolation {unknown}
 k - a scroll of noise {unknown}
 n - a scroll of remove curse {unknown}
 o - a scroll of enchant weapon {unknown}
Potions
 d - a potion of might
 g - 2 potions of flight {unknown}
 l - a potion of degeneration {unknown}
Comestibles
 f - 6 rations {!d}


   Skills:
 + Level 3.4 Fighting
 * Level 2.8 Maces & Flails
 + Level 3.1 Armour
 + Level 1.1 Dodging
 + Level 3.2 Shields


You had 3 spell levels left.
You didn't know any spells.
Your spell library was empty.

Dungeon Overview and Level Annotations

Branches:
Dungeon (2/12)

Altars:

Annotations:
D:2 Robin


Innate Abilities, Weirdness & Mutations

You have a pair of small horns on your head.


Message History

Robin says, "My goblins will feast on your bones."
Your shield and scale mail prevent you from hitting Robin.
Your headbutt misses Robin. The goblin hits you with a +0 club.
* * * LOW HITPOINT WARNING * * *
Robin hits you but does no damage.
You hit Robin. You headbutt Robin.
Robin is moderately wounded.
The goblin no longer looks unusually strong.
Robin roars a battlecry!
The goblin goes into a battle-frenzy!
The goblin hits you but does no damage.
You hit Robin but do no damage.
Robin is moderately wounded.
You block Robin's attack. The goblin hits you but does no damage.
Robin hits you but does no damage.
You thump Robin!
Robin is almost dead.
You block the goblin's attack.
Robin hits you with a +2 short sword of flaming.
You die...

###.### #.# #>..####.....###
#.....####.#######...............
#.#.#.##....<##....#.####........
#.#).....†......####.####.....#.#
#.###.##.#...#### #.##....#.##.#
#.....##.##..# ##.#.#.#.#.##.#
.......#.(...# #...###.......#
######.#....#######..#.#.##..####
# #.))......g@g.).....##...... #
###....########............. #
##.<..## ####.......... #
#.†...##### #.###...... #
#[........# #.# #...... #
#.)...###.# #.......#.# # #....##
#####...... # #.#### ......#
####### #.# ......


You could see Robin and a goblin.

Vanquished Creatures
  Jessica (D:2)
  An ooze (D:2)
  2 worms
  2 dart slugs
  2 leopard geckos
  A ball python (D:2)
  3 bats
  4 giant cockroaches
  10 hobgoblins
  4 kobolds (D:2)
  2 quokkas
  2 frilled lizards (D:2)
  10 goblins (D:2)
  5 rats
49 creatures vanquished.

Notes
Turn   | Place    | Note
-------+----------+-------------------------------------------
     0 | D:1      | Freyura the Demonspawn Fighter began the quest for the Orb.
     0 | D:1      | Reached XP level 1. HP: 18/18 MP: 1/1
   186 | D:1      | Gained mutation: You have a pair of small horns on your
                  | head. [demonic ancestry]
   186 | D:1      | Reached XP level 2. HP: 22/24 MP: 2/2
   635 | D:2      | Noticed Jessica
   642 | D:2      | Killed Jessica
   642 | D:2      | Reached skill level 1 in Dodging
   642 | D:2      | Reached XP level 3. HP: 27/29 MP: 3/3
  1007 | D:2      | Reached XP level 4. HP: 34/35 MP: 4/4
  1257 | D:2      | Noticed Robin
  1287 | D:2      | Slain by Robin

Skill      XL: |  1  2  3 |
---------------+----------+-----
Maces & Flails | 2 |  2.8
Armour         | 3 |  3.1
Dodging        | 1 |  1.1
Shields        | 3 |  3.2
Fighting       | |  3.4

Action                   |  1- 3 |  4- 6 || total
-------------------------+-------+-------++-------
Melee: Flail             |    99 |    52 ||   151
       Headbutt          |     8 |     6 ||    14
  Eat: Chunk             |       |     1 ||     1
Armor: Scale mail        |    43 |    25 ||    68
Dodge: Dodged            |    33 |    23 ||    56
Block: Shield            |    53 |    26 ||    79
